General information
- name: BNet
- type: Ladder team game (AT/RT)
- host: Battle.net
- saver: THENEWB
map: TwilightRuins
- players: 8
- length: 69:06
- speed: Fast
- version: 1.27 W3XP
- replay type: Public
» download(336 KB)
Players
team 1 (loser)
FinH]MaGGoT (
orange | 88 APM | 3976 actions | 45:10)
8 Death Knight
3 Death Coil
3 Unholy Aura
1 Animate Dead
1 Death Pact
7 Lich
3 Frost Nova
1 Dark Ritual
2 Frost Armor
1 Death and Decay
» actions
| Assign group hotkey | 48 | |
| Basic commands | 2 | |
| Build / train | 80 | |
| Enter build submenu | 36 | |
| Enter hero's abilities submenu | 15 | |
| Give item / drop item | 6 | |
| Remove unit from queue | 4 | |
| Right click | 2908 | |
| Select / deselect | 301 | |
| Select group hotkey | 392 | |
| Use ability | 184 | |
3976 total
» units
| Acolyte | 18 | |
| Ghoul | 6 | |
| Crypt Fiend | 8 | |
| Frost Wyrm | 4 | |
36 total
» upgrades
| Unholy Strength | 0 | |
| Creature Attack | 3 | |
| Creature Carapace | 2 | |
| Freezing Breath | 1 | |
| Web | 1 | |
7 total
» buildings
| Graveyard | 1 | |
| Crypt | 1 | |
| Altar of Darkness | 1 | |
| Ziggurat | 14 | |
| Tomb of Relics | 1 | |
| Nerubian Tower | 3 | |
| Halls of the Dead | 1 | |
| Black Citadel | 2 | |
| Sacrificial Pit | 1 | |
| Necropolis | 4 | |
| Boneyard | 2 | |
| Spirit Tower | 2 | |
33 total
» build order
00:06 Graveyard
00:10 Crypt
00:44 Altar of Darkness
00:59 Ziggurat
01:23 Tomb of Relics
01:57 Ziggurat
02:06 Nerubian Tower
03:55 Halls of the Dead
04:00 Ziggurat
04:33 Ziggurat
06:16 Black Citadel
06:16 Black Citadel
08:16 Sacrificial Pit
08:21 Ziggurat
09:09 Necropolis
09:18 Boneyard
09:32 Boneyard
11:51 Ziggurat
11:52 Ziggurat
15:28 Ziggurat
15:30 Ziggurat
15:31 Ziggurat
15:33 Necropolis
16:40 Nerubian Tower
17:50 Spirit Tower
17:51 Spirit Tower
17:52 Nerubian Tower
21:29 Ziggurat
24:15 Necropolis
26:46 Necropolis
27:52 Ziggurat
29:05 Ziggurat
29:05 Ziggurat
» items
| Rod of Necromancy | 1 | |
| Scroll of Town Portal | 3 | |
| Dust of Appearance | 1 | |
| Potion of Mana | 1 | |
6 total
Ifukd200pussies (
blue | 48 APM | 1770 actions | 37:04)
6 Mountain King
2 Thunder Clap
3 Storm Bolt
1 Avatar
3 Paladin
1 Divine Shield
2 Devotion Aura
» actions
| Build / train | 104 | |
| Enter build submenu | 33 | |
| Enter hero's abilities submenu | 9 | |
| Give item / drop item | 6 | |
| Remove unit from queue | 4 | |
| Right click | 901 | |
| Select / deselect | 606 | |
| Use ability | 107 | |
1770 total
» units
| Peasant | 18 | |
| Footman | 6 | |
| Rifleman | 5 | |
| Knight | 7 | |
| Siege Engine | 6 | |
42 total
» upgrades
| Swords | 3 | |
| Plating | 3 | |
| Lumber Harvesting | 1 | |
| Animal War Training | 1 | |
| Armor | 1 | |
| Gunpowder | 3 | |
| Barrage | 1 | |
13 total
» buildings
| Farm | 11 | |
| Altar of Kings | 1 | |
| Scout Tower | 8 | |
| Barracks | 3 | |
| Arcane Tower | 1 | |
| Blacksmith | 2 | |
| Arcane Vault | 1 | |
| Keep | 1 | |
| Town Hall | 2 | |
| Lumber Mill | 1 | |
| Guard Tower | 5 | |
| Castle | 1 | |
| Workshop | 3 | |
40 total
» build order
00:38 Farm
00:42 Farm
00:46 Altar of Kings
01:15 Scout Tower
01:42 Barracks
01:46 Arcane Tower
01:49 Farm
02:00 Blacksmith
02:12 Farm
02:51 Arcane Vault
03:32 Keep
04:15 Farm
05:06 Town Hall
05:10 Scout Tower
05:12 Scout Tower
05:15 Scout Tower
05:19 Scout Tower
05:48 Lumber Mill
06:09 Guard Tower
06:10 Guard Tower
08:03 Castle
08:15 Barracks
08:46 Blacksmith
08:48 Scout Tower
09:40 Guard Tower
10:04 Farm
10:06 Farm
10:50 Barracks
13:27 Scout Tower
13:31 Scout Tower
14:59 Guard Tower
15:02 Workshop
15:04 Guard Tower
15:08 Workshop
15:13 Workshop
15:22 Farm
15:24 Farm
15:26 Farm
16:37 Farm
20:23 Town Hall
» items
| Lesser Clarity Potion | 5 | |
| Scroll of Regeneration | 4 | |
| Potion of Mana | 3 | |
| Scroll of Town Portal | 5 | |
| Potion of Healing | 3 | |
| Scroll of Protection | 2 | |
| Potion of Lesser Invulnerability | 1 | |
| Orb of Fire | 1 | |
| Scroll of Healing | 1 | |
25 total
zenton (
red | 50 APM | 2319 actions | 46:29)
6 Blood Mage
3 Flame Strike
2 Siphon Mana
1 Summon Phoenix
4 Paladin
2 Devotion Aura
1 Divine Shield
1 Holy Light
5 Mountain King
3 Storm Bolt
2 Bash
» actions
| Assign group hotkey | 1 | |
| Basic commands | 39 | |
| Build / train | 66 | |
| ESC pressed | 2 | |
| Enter build submenu | 32 | |
| Enter hero's abilities submenu | 15 | |
| Give item / drop item | 4 | |
| Right click | 1491 | |
| Select / deselect | 560 | |
| Select group hotkey | 1 | |
| Use ability | 108 | |
2319 total
» units
» upgrades
| Masonry | 3 | |
| Lumber Harvesting | 2 | |
| Gunpowder | 3 | |
| Swords | 3 | |
| Plating | 3 | |
| Armor | 3 | |
| Cloud | 1 | |
| Defend | 1 | |
19 total
» buildings
| Farm | 16 | |
| Keep | 1 | |
| Blacksmith | 1 | |
| Lumber Mill | 2 | |
| Altar of Kings | 1 | |
| Town Hall | 2 | |
| Castle | 1 | |
| Arcane Vault | 2 | |
| Gryphon Aviary | 1 | |
| Barracks | 1 | |
| Workshop | 1 | |
| Arcane Sanctum | 1 | |
30 total
» build order
00:48 Farm
02:52 Farm
03:20 Keep
03:43 Farm
03:57 Blacksmith
04:00 Farm
04:01 Farm
04:18 Lumber Mill
05:20 Altar of Kings
05:23 Farm
07:59 Farm
08:03 Farm
09:15 Town Hall
10:24 Farm
11:53 Castle
13:20 Farm
13:22 Farm
15:29 Arcane Vault
15:31 Arcane Vault
16:47 Lumber Mill
21:59 Farm
22:02 Farm
23:03 Farm
23:31 Gryphon Aviary
23:56 Barracks
24:42 Workshop
24:49 Arcane Sanctum
24:56 Farm
24:57 Farm
31:23 Town Hall
» items
| Orb of Fire | 4 | |
| Staff of Teleportation | 2 | |
| Boots of Speed | 4 | |
| Staff of Sanctuary | 2 | |
| Potion of Healing | 2 | |
| Scroll of Regeneration | 1 | |
| Circlet of Nobility | 1 | |
| Scroll of Protection | 1 | |
17 total
zIpplt (
pink | 16 APM | 1126 actions | 69:04)
» actions
| Assign group hotkey | 12 | |
| Basic commands | 34 | |
| Build / train | 99 | |
| Enter build submenu | 21 | |
| Right click | 399 | |
| Select / deselect | 224 | |
| Select group hotkey | 17 | |
| Use ability | 319 | |
1126 total
» units
» upgrades
| Lumber Harvesting | 1 | |
| Masonry | 2 | |
3 total
» buildings
| Farm | 4 | |
| Scout Tower | 301 | |
| Arcane Tower | 1 | |
| Lumber Mill | 2 | |
| Guard Tower | 24 | |
| Town Hall | 1 | |
| Keep | 1 | |
334 total
» build order
01:29 Farm
01:30 Farm
01:31 Farm
01:50 Scout Tower
01:50 Scout Tower
01:50 Scout Tower
01:51 Scout Tower
01:52 Scout Tower
01:52 Scout Tower
01:53 Scout Tower
01:53 Scout Tower
01:54 Scout Tower
01:54 Scout Tower
01:54 Scout Tower
03:39 Arcane Tower
04:17 Lumber Mill
04:28 Farm
04:59 Guard Tower
08:05 Town Hall
08:20 Scout Tower
08:20 Scout Tower
08:21 Scout Tower
08:21 Scout Tower
08:26 Scout Tower
08:26 Scout Tower
08:26 Scout Tower
08:26 Scout Tower
08:27 Scout Tower
08:27 Scout Tower
08:27 Scout Tower
08:28 Scout Tower
08:28 Scout Tower
08:29 Scout Tower
08:29 Scout Tower
08:30 Scout Tower
08:30 Scout Tower
08:31 Scout Tower
08:31 Scout Tower
08:32 Scout Tower
08:32 Scout Tower
08:32 Scout Tower
08:32 Scout Tower
08:33 Scout Tower
08:34 Scout Tower
08:35 Scout Tower
08:35 Scout Tower
08:35 Scout Tower
08:35 Scout Tower
08:36 Scout Tower
08:37 Scout Tower
08:37 Scout Tower
08:38 Scout Tower
08:39 Scout Tower
08:41 Scout Tower
08:41 Scout Tower
08:42 Scout Tower
08:42 Scout Tower
08:43 Scout Tower
08:44 Scout Tower
08:46 Scout Tower
08:49 Scout Tower
08:51 Scout Tower
08:51 Scout Tower
08:52 Scout Tower
08:53 Scout Tower
08:53 Scout Tower
08:53 Scout Tower
08:54 Scout Tower
08:54 Scout Tower
08:54 Scout Tower
08:55 Scout Tower
08:55 Scout Tower
08:55 Scout Tower
08:55 Scout Tower
08:56 Scout Tower
08:57 Scout Tower
08:58 Scout Tower
08:58 Scout Tower
08:58 Scout Tower
08:58 Scout Tower
08:59 Scout Tower
08:59 Scout Tower
08:59 Scout Tower
10:36 Keep
10:41 Guard Tower
10:51 Scout Tower
10:51 Scout Tower
10:52 Scout Tower
10:52 Scout Tower
10:53 Scout Tower
10:53 Scout Tower
10:53 Scout Tower
10:54 Scout Tower
10:55 Scout Tower
10:55 Scout Tower
10:55 Scout Tower
10:56 Scout Tower
10:57 Scout Tower
10:57 Scout Tower
10:59 Scout Tower
10:59 Scout Tower
10:59 Scout Tower
11:00 Scout Tower
11:01 Scout Tower
11:01 Scout Tower
11:01 Scout Tower
11:01 Scout Tower
11:03 Scout Tower
11:04 Scout Tower
11:04 Scout Tower
11:04 Scout Tower
11:04 Scout Tower
11:05 Scout Tower
11:06 Scout Tower
11:06 Scout Tower
11:07 Scout Tower
11:07 Scout Tower
11:08 Scout Tower
11:08 Scout Tower
11:08 Scout Tower
11:10 Scout Tower
11:10 Scout Tower
12:43 Guard Tower
13:13 Guard Tower
13:49 Guard Tower
14:20 Scout Tower
14:20 Scout Tower
14:21 Scout Tower
14:22 Scout Tower
14:26 Scout Tower
14:26 Scout Tower
14:57 Guard Tower
17:11 Guard Tower
17:15 Guard Tower
17:18 Guard Tower
18:04 Guard Tower
18:11 Guard Tower
18:18 Lumber Mill
19:57 Guard Tower
20:00 Guard Tower
21:20 Scout Tower
21:22 Scout Tower
21:22 Scout Tower
21:23 Scout Tower
21:23 Scout Tower
21:23 Scout Tower
21:23 Scout Tower
21:24 Scout Tower
21:24 Scout Tower
21:24 Scout Tower
21:25 Scout Tower
21:26 Scout Tower
21:26 Scout Tower
21:26 Scout Tower
21:27 Scout Tower
21:27 Scout Tower
21:28 Scout Tower
21:29 Scout Tower
21:29 Scout Tower
21:30 Scout Tower
21:31 Scout Tower
21:31 Scout Tower
21:32 Scout Tower
21:33 Scout Tower
21:33 Scout Tower
21:33 Scout Tower
21:34 Scout Tower
21:35 Scout Tower
21:36 Scout Tower
21:36 Scout Tower
21:36 Scout Tower
21:38 Scout Tower
21:40 Scout Tower
21:40 Scout Tower
21:40 Scout Tower
21:40 Scout Tower
21:41 Scout Tower
21:42 Scout Tower
21:42 Scout Tower
21:42 Scout Tower
21:43 Scout Tower
21:43 Scout Tower
21:43 Scout Tower
21:44 Scout Tower
21:45 Scout Tower
21:45 Scout Tower
21:45 Scout Tower
21:47 Scout Tower
21:48 Scout Tower
21:48 Scout Tower
21:50 Scout Tower
21:50 Scout Tower
21:51 Scout Tower
21:52 Scout Tower
21:52 Scout Tower
21:53 Scout Tower
21:53 Scout Tower
21:54 Scout Tower
21:54 Scout Tower
22:56 Guard Tower
23:03 Scout Tower
23:03 Scout Tower
23:03 Scout Tower
23:04 Scout Tower
23:05 Scout Tower
23:06 Scout Tower
23:07 Scout Tower
23:07 Scout Tower
23:07 Scout Tower
23:08 Scout Tower
23:10 Scout Tower
23:10 Scout Tower
23:10 Scout Tower
23:11 Scout Tower
23:12 Scout Tower
23:13 Scout Tower
23:14 Scout Tower
23:14 Scout Tower
23:16 Scout Tower
23:16 Scout Tower
23:17 Scout Tower
23:17 Scout Tower
23:18 Scout Tower
23:18 Scout Tower
23:19 Scout Tower
23:20 Scout Tower
23:20 Scout Tower
24:05 Guard Tower
25:07 Guard Tower
26:24 Guard Tower
28:22 Guard Tower
31:57 Guard Tower
32:02 Guard Tower
33:19 Guard Tower
38:34 Scout Tower
38:34 Scout Tower
38:34 Scout Tower
38:35 Scout Tower
38:36 Scout Tower
38:36 Scout Tower
38:37 Scout Tower
38:38 Scout Tower
38:39 Scout Tower
38:39 Scout Tower
38:39 Scout Tower
38:40 Scout Tower
38:41 Scout Tower
38:44 Scout Tower
38:44 Scout Tower
38:44 Scout Tower
38:44 Scout Tower
38:45 Scout Tower
38:45 Scout Tower
38:45 Scout Tower
38:47 Scout Tower
38:48 Scout Tower
38:48 Scout Tower
38:49 Scout Tower
38:49 Scout Tower
38:51 Scout Tower
38:51 Scout Tower
38:53 Scout Tower
38:54 Scout Tower
38:56 Scout Tower
38:57 Scout Tower
38:57 Scout Tower
38:57 Scout Tower
44:44 Guard Tower
44:55 Guard Tower
45:00 Guard Tower
team 2 (winner)
THENEWB (
green | 44 APM | 3030 actions | 69:06)
9 Paladin
3 Divine Shield
3 Holy Light
1 Resurrection
2 Devotion Aura
4 Mountain King
1 Bash
3 Thunder Clap
2 Blademaster
2 Mirror Image
» actions
| Assign group hotkey | 89 | |
| Basic commands | 65 | |
| Build / train | 87 | |
| Enter build submenu | 35 | |
| Enter hero's abilities submenu | 16 | |
| Give item / drop item | 12 | |
| Remove unit from queue | 1 | |
| Right click | 1345 | |
| Select / deselect | 557 | |
| Select group hotkey | 607 | |
| Use ability | 216 | |
3030 total
» units
| Peasant | 7 | |
| Goblin Zeppelin | 2 | |
| Goblin Shredder | 1 | |
| Goblin Sapper | 7 | |
| Makrura Deepseer | 1 | |
| Mortar Team | 6 | |
24 total
» upgrades
| Cloud | 1 | |
| Masonry | 2 | |
| Gunpowder | 4 | |
| Plating | 1 | |
| Armor | 3 | |
| Flare | 1 | |
| Fragmentation Shards | 1 | |
13 total
» buildings
| Altar of Kings | 2 | |
| Barracks | 1 | |
| Blacksmith | 3 | |
| Town Hall | 6 | |
| Keep | 2 | |
| Castle | 2 | |
| Farm | 15 | |
| Lumber Mill | 1 | |
| Scout Tower | 15 | |
| Arcane Vault | 2 | |
| Guard Tower | 3 | |
| Workshop | 3 | |
55 total
» build order
00:13 Altar of Kings
01:14 Barracks
01:18 Blacksmith
07:28 Town Hall
11:29 Town Hall
11:35 Keep
16:58 Castle
20:29 Farm
20:30 Farm
30:37 Town Hall
30:40 Lumber Mill
30:44 Scout Tower
30:45 Scout Tower
30:45 Scout Tower
30:47 Scout Tower
30:47 Scout Tower
30:48 Scout Tower
30:48 Scout Tower
30:48 Scout Tower
30:49 Scout Tower
30:50 Scout Tower
30:50 Scout Tower
30:51 Scout Tower
30:54 Arcane Vault
32:16 Guard Tower
32:47 Guard Tower
33:45 Scout Tower
33:46 Scout Tower
33:46 Scout Tower
38:52 Guard Tower
41:17 Farm
47:34 Keep
47:42 Blacksmith
47:46 Blacksmith
47:53 Farm
47:53 Farm
47:54 Farm
47:55 Farm
47:56 Farm
47:56 Farm
47:57 Farm
47:57 Farm
47:58 Farm
47:59 Farm
48:00 Farm
49:57 Workshop
49:59 Workshop
50:03 Workshop
50:05 Farm
50:27 Altar of Kings
51:39 Town Hall
51:53 Castle
53:13 Town Hall
53:15 Town Hall
54:30 Arcane Vault
» items
| Boots of Speed | 3 | |
| Staff of Teleportation | 2 | |
| Periapt of Vitality | 3 | |
| Potion of Lesser Invulnerability | 1 | |
| Healing Salve | 3 | |
| Scroll of Town Portal | 4 | |
| Potion of Invisibility | 1 | |
| Pendant of Energy | 1 | |
| Orb of Lightning | 1 | |
| Potion of Healing | 1 | |
| Potion of Mana | 1 | |
| Lesser Clarity Potion | 2 | |
| Mechanical Critter | 2 | |
25 total
makabryczny (
purple | 30 APM | 708 actions | 23:41)
6 Mountain King
3 Storm Bolt
2 Bash
1 Avatar
» actions
| Assign group hotkey | 14 | |
| Build / train | 85 | |
| Enter build submenu | 29 | |
| Enter hero's abilities submenu | 6 | |
| Give item / drop item | 1 | |
| Right click | 235 | |
| Select / deselect | 204 | |
| Select group hotkey | 69 | |
| Use ability | 65 | |
708 total
» units
| Peasant | 19 | |
| Footman | 6 | |
| Goblin Shredder | 1 | |
| Gryphon Rider | 10 | |
| Knight | 10 | |
46 total
» upgrades
| Masonry | 3 | |
| Lumber Harvesting | 1 | |
| Swords | 3 | |
| Storm Hammers | 1 | |
| Animal War Training | 1 | |
| Armor | 3 | |
| Plating | 2 | |
14 total
» buildings
| Altar of Kings | 1 | |
| Barracks | 1 | |
| Farm | 21 | |
| Lumber Mill | 1 | |
| Scout Tower | 12 | |
| Town Hall | 1 | |
| Blacksmith | 2 | |
| Keep | 1 | |
| Arcane Vault | 1 | |
| Arcane Tower | 1 | |
| Guard Tower | 7 | |
| Castle | 1 | |
| Gryphon Aviary | 2 | |
52 total
» build order
00:09 Altar of Kings
00:21 Barracks
00:49 Farm
01:05 Lumber Mill
01:16 Farm
01:44 Farm
02:01 Scout Tower
02:23 Farm
03:25 Farm
04:15 Town Hall
04:33 Blacksmith
04:43 Blacksmith
04:51 Keep
05:04 Scout Tower
05:05 Scout Tower
05:08 Scout Tower
05:10 Scout Tower
05:11 Scout Tower
05:49 Arcane Vault
05:57 Arcane Tower
06:14 Guard Tower
06:38 Farm
06:41 Farm
06:43 Farm
06:48 Guard Tower
07:18 Castle
07:48 Gryphon Aviary
07:48 Gryphon Aviary
08:04 Guard Tower
08:08 Farm
08:09 Farm
08:10 Farm
08:12 Farm
10:01 Farm
10:27 Farm
11:11 Scout Tower
11:12 Scout Tower
12:28 Guard Tower
12:39 Scout Tower
12:45 Scout Tower
12:49 Scout Tower
13:58 Guard Tower
15:56 Farm
15:57 Guard Tower
16:00 Scout Tower
21:48 Guard Tower
21:52 Farm
21:52 Farm
21:53 Farm
21:54 Farm
21:55 Farm
21:56 Farm
» items
| Scroll of Regeneration | 1 | |
| Scroll of Town Portal | 3 | |
| Scroll of Healing | 1 | |
| Scroll of Speed | 1 | |
| Potion of Healing | 1 | |
| Healing Salve | 1 | |
8 total

»
Dmitro (
teal | 45 APM | 1739 actions | 38:32)
7 Blademaster
3 Wind Walk
3 Critical Strike
1 Bladestorm
2 Mountain King
2 Bash
» actions
| Assign group hotkey | 10 | |
| Basic commands | 5 | |
| Build / train | 147 | |
| Enter build submenu | 61 | |
| Enter hero's abilities submenu | 8 | |
| Give item / drop item | 5 | |
| Remove unit from queue | 1 | |
| Right click | 541 | |
| Select / deselect | 337 | |
| Select group hotkey | 433 | |
| Use ability | 190 | |
1739 total
» units
| Peon | 16 | |
| Raider | 46 | |
| Troll Batrider | 34 | |
| Gryphon Rider | 4 | |
| Demolisher | 4 | |
104 total
» upgrades
| Melee Weapons | 3 | |
| Ensnare | 1 | |
| Reinforced Defenses | 1 | |
| Pillage | 1 | |
| Spiked Barricades | 2 | |
| Ranged Weapons | 1 | |
| Armor | 1 | |
| Liquid Fire | 1 | |
| Burning Oil | 1 | |
12 total
» buildings
| Altar of Storms | 1 | |
| Orc Burrow | 10 | |
| Voodoo Lounge | 1 | |
| War Mill | 1 | |
| Stronghold | 1 | |
| Watch Tower | 39 | |
| Great Hall | 3 | |
| Fortress | 1 | |
| Beastiary | 3 | |
| Barracks | 2 | |
62 total
» build order
00:09 Altar of Storms
00:13 Orc Burrow
00:23 Voodoo Lounge
01:04 War Mill
02:39 Stronghold
02:42 Watch Tower
02:56 Orc Burrow
03:29 Orc Burrow
04:03 Watch Tower
04:17 Great Hall
04:21 Watch Tower
04:41 Orc Burrow
05:27 Watch Tower
05:37 Fortress
05:57 Watch Tower
06:27 Beastiary
06:30 Beastiary
07:13 Watch Tower
07:34 Watch Tower
07:49 Watch Tower
08:51 Watch Tower
09:43 Orc Burrow
10:02 Watch Tower
10:32 Orc Burrow
10:58 Watch Tower
11:11 Watch Tower
11:38 Orc Burrow
12:17 Watch Tower
12:22 Watch Tower
12:33 Orc Burrow
13:24 Watch Tower
13:36 Watch Tower
14:06 Orc Burrow
14:10 Beastiary
17:45 Watch Tower
18:53 Orc Burrow
18:56 Watch Tower
20:07 Watch Tower
20:44 Watch Tower
21:44 Watch Tower
21:47 Watch Tower
23:08 Watch Tower
23:12 Watch Tower
24:15 Watch Tower
24:18 Watch Tower
25:20 Watch Tower
26:36 Watch Tower
26:39 Watch Tower
26:59 Great Hall
27:46 Watch Tower
27:48 Watch Tower
28:55 Watch Tower
28:57 Watch Tower
30:05 Watch Tower
30:09 Watch Tower
31:39 Watch Tower
31:41 Watch Tower
32:48 Watch Tower
32:51 Watch Tower
36:46 Barracks
37:28 Great Hall
37:42 Barracks
» items
| Healing Salve | 6 | |
| Orb of Lightning | 2 | |
| Ring of Regeneration | 1 | |
| Lesser Clarity Potion | 6 | |
| Scroll of Town Portal | 2 | |
| Scroll of Speed | 1 | |
18 total
PRO.MOC.JA (
yellow | 36 APM | 2496 actions | 69:04)
6 Paladin
3 Divine Shield
2 Devotion Aura
1 Resurrection
1 Blademaster
1 Mirror Image
» actions
| Assign group hotkey | 11 | |
| Basic commands | 31 | |
| Build / train | 185 | |
| Enter build submenu | 42 | |
| Enter hero's abilities submenu | 8 | |
| Give item / drop item | 1 | |
| Remove unit from queue | 13 | |
| Right click | 1297 | |
| Select / deselect | 693 | |
| Select group hotkey | 24 | |
| Use ability | 189 | |
2496 total
» units
| Peasant | 49 | |
| Footman | 5 | |
| Mortar Team | 15 | |
| Siege Engine | 12 | |
| Knight | 5 | |
| Peon | 8 | |
| Raider | 5 | |
| Demolisher | 17 | |
116 total
» upgrades
| Masonry | 3 | |
| Lumber Harvesting | 2 | |
| Fragmentation Shards | 1 | |
| Flare | 1 | |
| Gunpowder | 3 | |
| Armor | 3 | |
| Sorceress Training | 1 | |
| Barrage | 1 | |
| Animal War Training | 1 | |
| Defend | 1 | |
| Swords | 2 | |
| Plating | 2 | |
| Long Rifles | 1 | |
22 total
» buildings
| Altar of Kings | 2 | |
| Farm | 30 | |
| Scout Tower | 58 | |
| Arcane Tower | 1 | |
| Barracks | 2 | |
| Lumber Mill | 4 | |
| Blacksmith | 3 | |
| Arcane Vault | 2 | |
| Keep | 3 | |
| Town Hall | 6 | |
| Castle | 2 | |
| Guard Tower | 14 | |
| Workshop | 5 | |
| Arcane Sanctum | 1 | |
| Watch Tower | 14 | |
147 total
» build order
00:16 Altar of Kings
00:20 Farm
00:27 Scout Tower
00:58 Arcane Tower
01:19 Farm
01:20 Farm
01:22 Farm
02:41 Barracks
02:46 Lumber Mill
02:52 Blacksmith
03:00 Blacksmith
03:24 Arcane Vault
05:50 Keep
06:31 Town Hall
06:48 Scout Tower
06:50 Scout Tower
06:53 Scout Tower
06:54 Scout Tower
06:58 Scout Tower
07:00 Scout Tower
07:02 Scout Tower
07:03 Scout Tower
07:05 Scout Tower
07:07 Scout Tower
07:09 Scout Tower
07:10 Scout Tower
07:12 Scout Tower
07:13 Scout Tower
08:13 Castle
09:24 Guard Tower
10:23 Guard Tower
10:55 Guard Tower
12:31 Workshop
12:45 Workshop
12:52 Arcane Sanctum
13:04 Guard Tower
13:29 Scout Tower
13:31 Scout Tower
13:33 Scout Tower
13:34 Scout Tower
13:36 Scout Tower
13:37 Scout Tower
13:39 Scout Tower
13:41 Scout Tower
13:43 Scout Tower
13:45 Scout Tower
13:47 Scout Tower
13:51 Scout Tower
13:52 Scout Tower
13:54 Scout Tower
15:01 Scout Tower
15:02 Scout Tower
15:03 Scout Tower
15:04 Scout Tower
15:06 Scout Tower
15:08 Scout Tower
15:10 Scout Tower
15:10 Scout Tower
15:11 Scout Tower
15:13 Scout Tower
15:15 Scout Tower
15:15 Scout Tower
15:17 Scout Tower
15:23 Scout Tower
15:25 Scout Tower
15:26 Scout Tower
15:30 Scout Tower
15:32 Scout Tower
15:33 Scout Tower
15:35 Scout Tower
15:36 Scout Tower
15:38 Scout Tower
15:40 Scout Tower
16:15 Guard Tower
16:19 Guard Tower
16:37 Guard Tower
16:39 Guard Tower
17:50 Guard Tower
17:59 Guard Tower
19:18 Guard Tower
19:24 Scout Tower
19:25 Scout Tower
19:28 Scout Tower
19:29 Scout Tower
19:31 Scout Tower
19:32 Scout Tower
19:55 Farm
19:56 Farm
19:59 Farm
19:59 Farm
20:01 Farm
20:04 Farm
20:06 Farm
20:08 Farm
20:10 Farm
20:13 Farm
20:14 Farm
21:29 Guard Tower
22:20 Guard Tower
22:22 Guard Tower
32:54 Town Hall
38:15 Town Hall
38:33 Keep
42:17 Altar of Kings
42:26 Watch Tower
42:27 Watch Tower
42:27 Watch Tower
42:29 Watch Tower
42:30 Watch Tower
42:34 Watch Tower
42:35 Watch Tower
42:35 Watch Tower
42:35 Watch Tower
42:37 Watch Tower
42:37 Watch Tower
42:38 Watch Tower
42:39 Watch Tower
42:39 Watch Tower
47:03 Town Hall
54:39 Barracks
54:42 Blacksmith
54:44 Lumber Mill
54:53 Lumber Mill
55:00 Arcane Vault
56:12 Town Hall
57:05 Keep
59:40 Lumber Mill
60:46 Castle
62:38 Workshop
62:38 Workshop
62:40 Workshop
62:43 Farm
62:43 Farm
62:43 Farm
62:43 Farm
62:44 Farm
62:45 Farm
62:45 Farm
62:46 Farm
62:46 Farm
62:47 Farm
62:48 Farm
62:49 Farm
62:49 Farm
62:50 Farm
62:51 Farm
67:31 Town Hall
» items
| Scroll of Regeneration | 2 | |
| Potion of Healing | 2 | |
| Staff of Teleportation | 1 | |
| Scroll of Town Portal | 3 | |
| Healing Salve | 1 | |
9 total
Chat log
(00:12 / Allies) makabryczny: hi
(00:13 / Allies) makabryczny: giro
(00:15 / Allies) Dmitro: ршщ
(00:17 / Allies) makabryczny: mk
(00:17 / Allies) Dmitro: hio
(05:29 / Allies) PRO.MOC.JA: me tanks
(05:35 / Allies) makabryczny: good
(06:12 / Allies) PRO.MOC.JA: gold??
(06:21 / Allies) PRO.MOC.JA: ty
(06:32 / Allies) PRO.MOC.JA: ty
(07:19 / Allies) Dmitro: wood pls
(07:24 / Allies) makabryczny: me too :(
(07:28 / Allies) Dmitro: ty
(07:33 / Allies) makabryczny: ty!
(07:39 / Allies) makabryczny: lol
(11:21 / Allies) makabryczny: coming
(11:42 / Allies) makabryczny: tp someone
(14:22 / Allies) PRO.MOC.JA: tp
(14:25 / Allies) makabryczny: I
(14:37 / Allies) makabryczny: coming
(15:12 / Allies) Dmitro: ty
(16:28 / Allies) makabryczny: green afk
(16:49 / Allies) PRO.MOC.JA: all tp
(16:51 / Allies) makabryczny: sec
(16:59 / Allies) makabryczny: ok
(17:05 / Allies) makabryczny: gogogogo
(18:46 / Allies) makabryczny: green do something, give some gold to team
(18:49 / Allies) makabryczny: 6k
(19:03 / Allies) makabryczny: ty
(19:06 / Allies) PRO.MOC.JA: ty
(20:13 / All) makabryczny: lol
(20:15 / All) makabryczny: ;p
(20:54 / Allies) PRO.MOC.JA: no
(21:08 / Allies) makabryczny: \so?
(21:12 / Allies) PRO.MOC.JA: wait
(21:13 / Allies) PRO.MOC.JA: sec
(21:16 / Allies) makabryczny: kk
(21:57 / Allies) PRO.MOC.JA: ok we can go
(22:29 / Allies) makabryczny: I go there
(22:37 / Allies) PRO.MOC.JA: omg
(22:40 / Allies) makabryczny: y:P
(22:48 / Allies) PRO.MOC.JA: all meet
(23:15 / Allies) makabryczny: gold
(23:23 / Allies) makabryczny: ty
(23:27 / Allies) PRO.MOC.JA: np
(23:39 / Allies) PRO.MOC.JA: help
(23:41 / All) Ifukd200pussies: pink is so stupid i waste my time
(24:03 / All) Ifukd200pussies: hahahah
(29:44 / Allies) THENEWB: lets fite dem at yellow
(30:20 / Allies) THENEWB: or teal
(31:40 / All) zIpplt: i not noob like blu no bm plz
(32:18 / Allies) PRO.MOC.JA: b
(32:18 / Allies) PRO.MOC.JA: b
(32:19 / Allies) PRO.MOC.JA: b
(32:19 / Allies) PRO.MOC.JA: b
(32:20 / Allies) PRO.MOC.JA: bb
(32:21 / Allies) THENEWB: back
(32:26 / Allies) THENEWB: counter them after they attakc your base
(32:28 / Allies) THENEWB: don't let them expand
(32:34 / Allies) PRO.MOC.JA: make catapult
(32:36 / Allies) THENEWB: dfend your base
(32:38 / Allies) THENEWB: and don't let them expand
(32:40 / Allies) THENEWB: make catapult later
(32:42 / Allies) THENEWB: not right now
(32:43 / Allies) PRO.MOC.JA: 40 golf?
(32:55 / Allies) PRO.MOC.JA: ty
(33:32 / Allies) PRO.MOC.JA: all
(34:55 / Allies) THENEWB: I got purple
(34:57 / Allies) THENEWB: stop using him
(35:27 / Allies) THENEWB: I got purple
(35:31 / Allies) THENEWB: Igot purple
(36:58 / All) Ifukd200pussies: gg pink. best player in the world
(37:05 / Allies) THENEWB: IGOPT ORUPLFE
(37:06 / Allies) THENEWB: STOP
(37:20 / Allies) THENEWB: I can't micro with 2 or 3 people using him
(37:37 / Allies) THENEWB: scoout expos with bm
(37:58 / All) zIpplt: wat noob that run from peasnt
(38:37 / Allies) PRO.MOC.JA: why?
(38:40 / Allies) THENEWB: use the bm
(38:43 / Allies) THENEWB: and scout expos
(38:58 / Allies) THENEWB: they can';t rebuild
(39:08 / Allies) THENEWB: gonna buy ankh for purple hero
(40:29 / Allies) THENEWB: heal me
(40:36 / Allies) PRO.MOC.JA: i dont have
(40:38 / Allies) PRO.MOC.JA: spell
(43:10 / Allies) PRO.MOC.JA: can i take catapult??
(43:18 / Allies) THENEWB: eah
(43:18 / Allies) THENEWB: yeah
(43:20 / Allies) THENEWB: I got mk
(43:22 / Allies) THENEWB: and bm
(43:23 / Allies) THENEWB: you take the rest
(44:22 / Allies) THENEWB: make sure you don't feed them more
(44:40 / Allies) THENEWB: wait for bm
(44:41 / Allies) THENEWB: run
(45:55 / Allies) THENEWB: k
(45:58 / Allies) THENEWB: now all you gotta do
(45:59 / Allies) PRO.MOC.JA: this is gg green :)
(46:00 / All) zenton: srsly this guy
(46:01 / Allies) THENEWB: is pult pink
(47:37 / Allies) THENEWB: guess I'll make morts
(49:27 / Allies) THENEWB: they didn't put up much of a fight cuz they didn't even try to expo too hard
(49:41 / Allies) THENEWB: now I got entangling roots and no enemy
(58:29 / Allies) THENEWB: right on my crab lol
(58:39 / Allies) PRO.MOC.JA: xd
(59:08 / All) zIpplt: hurry up plz
(60:26 / All) THENEWB: *smoke break*
(60:35 / Allies) PRO.MOC.JA: ;)
(68:10 / All) THENEWB: this is relaxing
(68:15 / Allies) PRO.MOC.JA: yea
(68:37 / Allies) PRO.MOC.JA: after match we can see nice stats ;`)
(68:46 / Allies) PRO.MOC.JA: thx for game
(69:03 / All) THENEWB: Gee Gee